| TOP OF THE 1ST |
|
Boston Red Sox batting - Pitching for Washington Nationals : RHP Danny Diaz
|
|
Pitching: RHP Danny Diaz
|
|
|
Batting: RHB Elijah Campbell
|
0-0: Ball 1-0: Ball 2-0: Called Strike 2-1: Ball 3-1: Ground out 6-3 (Groundball, 56, EV 90.6 MPH)
|
|
Batting: RHB Ray Llewellyn
|
0-0: Ball 1-0: Ball 2-0: Foul Ball, location: 2F 2-1: Ball 3-1: Called Strike 3-2: TRIPLE (Line Drive, 89XD, EV 109.4 MPH)
|
|
Batting: LHB Kevin McCormic Jr.
|
0-0: Ball 1-0: Fly out, F7 (Flyball, 78M, EV 81.9 MPH) Runner from 3rd tags up, SCORES, throw by LF
|
|
Batting: RHB David Price Jr.
|
0-0: Called Strike 0-1: SOLO HOME RUN (Flyball, 7LD, EV 96.2 MPH), Distance : 362 ft
|
|
Batting: LHB Jarrett Mordecai
|
0-0: Called Strike 0-1: SOLO HOME RUN (Flyball, 9D, EV 98.8 MPH), Distance : 373 ft
|
|
Batting: LHB Sakae Kasahara
|
0-0: Foul Ball, location: 2F 0-1: Ball 1-1: Ball 2-1: SOLO HOME RUN (Flyball, 89XD, EV 100.6 MPH), Distance : 387 ft
|
|
Batting: RHB John Chiesa
|
0-0: Called Strike 0-1: Ball 1-1: Ball 2-1: Ball 3-1: Foul Ball, location: 2F 3-2: Strikes out swinging
|
| Top of the 1st over - 4 runs, 4 hits, 0 errors, 0 left on base; Boston 4 - Washington 0 |
| BOTTOM OF THE 1ST |
|
Washington Nationals batting - Pitching for Boston Red Sox : LHP Momosuke Sato
|
|
Pitching: LHP Momosuke Sato
|
|
|
Batting: SHB Dylan Novakowski
|
0-0: Called Strike 0-1: Swinging Strike 0-2: Strikes out looking
|
|
Batting: LHB Seth Cook
|
0-0: Called Strike 0-1: Ball 1-1: Ball 2-1: SINGLE (Groundball, 25, EV 66.2 MPH) (infield hit)
|
|
Batting: RHB John Sanders
|
0-0: Grounds into double play, 1-6-3 (Groundball, 34S, EV 68.1 MPH)
|
| Bottom of the 1st over - 0 runs, 1 hit, 0 errors, 0 left on base; Boston 4 - Washington 0 |
| TOP OF THE 2ND |
|
Boston Red Sox batting - Pitching for Washington Nationals : RHP Danny Diaz
|
|
Batting: SHB Willie Koviak
|
0-0: Ball 1-0: Ball 2-0: Fly out, F7 (Flyball, 7D, EV 104.4 MPH)
|
|
Batting: LHB Tim Fuller
|
0-0: Called Strike 0-1: Single, Error in OF, E8, batter to second base (Groundball, 6MD, EV 102.5 MPH)
|
|
Batting: RHB Elijah Campbell
|
0-0: Foul Ball, location: 2F 0-1: Foul Ball, location: 2F 0-2: Ball 1-2: Ball 2-2: Strikes out looking
|
|
Batting: RHB Ray Llewellyn
|
0-0: Ball 1-0: Ball 2-0: Ball 3-0: Called Strike 3-1: Foul Ball, location: 2F 3-2: Ground out 1-3 (Groundball, 13S, EV 65.0 MPH)
|
| Top of the 2nd over - 0 runs, 1 hit, 1 error, 1 left on base; Boston 4 - Washington 0 |
| BOTTOM OF THE 2ND |
|
Washington Nationals batting - Pitching for Boston Red Sox : LHP Momosuke Sato
|
|
Batting: RHB Kirk Arp
|
0-0: Ground out 6-3 (Groundball, 6M, EV 98.1 MPH)
|
|
Batting: RHB Dave Vargas
|
0-0: Ball 1-0: Foul Ball, location: 2F 1-1: Ground out 6-3 (Groundball, P, EV 86.2 MPH)
|
|
Batting: RHB Tommy Baird
|
0-0: Ball 1-0: SINGLE (Line Drive, 9S, EV 103.1 MPH)
|
|
Batting: RHB Dan Fallon
|
0-0: Called Strike 0-1: Ground out 4-3 (Groundball, 4, EV 90.6 MPH)
|
| Bottom of the 2nd over - 0 runs, 1 hit, 0 errors, 1 left on base; Boston 4 - Washington 0 |
| TOP OF THE 3RD |
|
Boston Red Sox batting - Pitching for Washington Nationals : RHP Danny Diaz
|
|
Batting: LHB Kevin McCormic Jr.
|
0-0: Called Strike 0-1: Ball 1-1: SINGLE (Groundball, 3D, EV 95.6 MPH)
|
|
Batting: RHB David Price Jr.
|
0-0: Ball 1-0: Ball 2-0: Foul Ball, location: 2F 2-1: Swinging Strike 2-2: Grounds into double play, 4-6-3 (Groundball, 4, EV 106.2 MPH)
|
|
Batting: LHB Jarrett Mordecai
|
0-0: Called Strike 0-1: Called Strike 0-2: Ball 1-2: Ball 2-2: Fly out, F5 (Popup, 5, EV 81.9 MPH)
|
| Top of the 3rd over - 0 runs, 1 hit, 0 errors, 0 left on base; Boston 4 - Washington 0 |
| BOTTOM OF THE 3RD |
|
Washington Nationals batting - Pitching for Boston Red Sox : LHP Momosuke Sato
|
|
Batting: LHB Kyung-jin Cho
|
0-0: Ball 1-0: Ground out 4-3 (Groundball, 4, EV 84.4 MPH)
|
|
Batting: LHB Bob Melley
|
0-0: Called Strike 0-1: Ball 1-1: SINGLE (Groundball, 4MD, EV 103.1 MPH) (infield hit)
|
|
Batting: SHB Dylan Novakowski
|
0-0: Ball 1-0: Foul Ball, location: 2F 1-1: Foul Ball, location: 2F 1-2: Strikes out swinging
|
|
Batting: LHB Seth Cook
|
0-0: Foul Ball, location: 2F 0-1: Ball 1-1: Swinging Strike 1-2: Strikes out swinging
|
| Bottom of the 3rd over - 0 runs, 1 hit, 0 errors, 1 left on base; Boston 4 - Washington 0 |
| TOP OF THE 4TH |
|
Boston Red Sox batting - Pitching for Washington Nationals : RHP Danny Diaz
|
|
Batting: LHB Sakae Kasahara
|
0-0: Fly out, F5 (Popup, 5SF, EV 72.5 MPH)
|
|
Batting: RHB John Chiesa
|
0-0: Swinging Strike 0-1: Ball 1-1: Foul Ball, location: 2F 1-2: Ball 2-2: Ball 3-2: SINGLE (Groundball, 6S, EV 68.8 MPH) (infield hit)
|
|
Batting: SHB Willie Koviak
|
0-0: Grounds into double play, 5-4-3 (Groundball, 5, EV 85.6 MPH)
|
| Top of the 4th over - 0 runs, 1 hit, 0 errors, 0 left on base; Boston 4 - Washington 0 |
| BOTTOM OF THE 4TH |
|
Washington Nationals batting - Pitching for Boston Red Sox : LHP Momosuke Sato
|
|
Batting: RHB John Sanders
|
0-0: Ball 1-0: Foul Ball, location: 2F 1-1: Foul Ball, location: 2F 1-2: Ball 2-2: Foul Ball, location: 2F 2-2: Foul Ball, location: 2F 2-2: SINGLE (Groundball, 6S, EV 69.4 MPH) (infield hit)
|
|
Batting: RHB Kirk Arp
|
0-0: Called Strike 0-1: Ball 1-1: Ball 2-1: 2-RUN HOME RUN (Flyball, 7D, EV 100.0 MPH), Distance : 397 ft
|
|
Batting: RHB Dave Vargas
|
0-0: Foul Ball, location: 2F 0-1: Ball 1-1: Ball 2-1: Swinging Strike 2-2: Ball 3-2: SINGLE (Line Drive, 89S, EV 106.9 MPH)
|
|
Batting: RHB Tommy Baird
|
0-0: Called Strike 0-1: Ball 1-1: Foul Ball, location: 2F 1-2: Ball 2-2: 2-RUN HOME RUN (Flyball, 9D, EV 98.8 MPH), Distance : 376 ft
|
|
Batting: RHB Dan Fallon
|
0-0: Fly out, F8 (Flyball, 8RM, EV 83.1 MPH)
|
|
Batting: LHB Kyung-jin Cho
|
0-0: Ball 1-0: Ball 2-0: SINGLE (Flyball, 6D, EV 87.5 MPH)
|
|
Batting: LHB Bob Melley
|
0-0: Called Strike 0-1: Swinging Strike 0-2: Ball 1-2: Ball 2-2: Foul Ball, location: 2F 2-2: Foul Ball, location: 2F 2-2: Strikes out swinging
|
|
Batting: SHB Dylan Novakowski
|
0-0: Foul Ball, location: 2F 0-1: Swinging Strike 0-2: Ball 1-2: Ball 2-2: Strikes out looking
|
| Bottom of the 4th over - 4 runs, 5 hits, 0 errors, 1 left on base; Boston 4 - Washington 4 |
| TOP OF THE 5TH |
|
Boston Red Sox batting - Pitching for Washington Nationals : RHP Danny Diaz
|
|
Batting: LHB Tim Fuller
|
0-0: Ball 1-0: Ball 2-0: Foul Ball, location: 2F 2-1: Ball 3-1: Base on Balls
|
|
Batting: RHB Elijah Campbell
|
0-0: Called Strike 0-1: SINGLE (Groundball, 34, EV 105.0 MPH) Tim Fuller to second Runner from 2nd tries for 3rd, OUT! 9-5
|
|
Batting: RHB Ray Llewellyn
|
0-0: Ball 1-0: Called Strike 1-1: Grounds into double play, 6-4-3 (Groundball, 56D, EV 80.6 MPH)
|
| Top of the 5th over - 0 runs, 1 hit, 0 errors, 0 left on base; Boston 4 - Washington 4 |
| BOTTOM OF THE 5TH |
|
Washington Nationals batting - Pitching for Boston Red Sox : LHP Momosuke Sato
|
|
Batting: LHB Seth Cook
|
0-0: Called Strike 0-1: Called Strike 0-2: Ball 1-2: Fly out, F9 (Flyball, 9D, EV 83.8 MPH)
|
|
Batting: RHB John Sanders
|
0-0: Ball 1-0: Called Strike 1-1: Ground out 4-3 (Groundball, 4, EV 82.5 MPH)
|
|
Batting: RHB Kirk Arp
|
0-0: Called Strike 0-1: Ball 1-1: Foul Ball, location: 2F 1-2: SINGLE (Line Drive, 8LS, EV 104.4 MPH)
|
|
Batting: RHB Dave Vargas
|
0-0: Ball Kirk Arp steals 2nd base 1-0: 2-RUN HOME RUN (Line Drive, 7D, EV 103.1 MPH), Distance : 391 ft
|
|
Pitching: RHP J.J. Dean
|
|
|
Batting: RHB Tommy Baird
|
0-0: Called Strike 0-1: SINGLE (Groundball, 3D, EV 98.8 MPH)
|
|
Batting: RHB Dan Fallon
|
0-0: Ball 1-0: Ball 2-0: Ball 3-0: Base on Balls Tommy Baird to second
|
|
Batting: LHB Kyung-jin Cho
|
0-0: Ball 1-0: Ball 2-0: Ball 3-0: Base on Balls Tommy Baird to third Dan Fallon to second
|
|
Batting: LHB Bob Melley
|
0-0: Ball 1-0: Ball 2-0: Ball 3-0: Ground out U3 (Groundball, 3, EV 92.5 MPH)
|
| Bottom of the 5th over - 2 runs, 3 hits, 0 errors, 3 left on base; Boston 4 - Washington 6 |
| TOP OF THE 6TH |
|
Boston Red Sox batting - Pitching for Washington Nationals : RHP Danny Diaz
|
|
Batting: LHB Kevin McCormic Jr.
|
0-0: Ball 1-0: Called Strike 1-1: Ball 2-1: Ball 3-1: Foul Ball, location: 2F 3-2: Base on Balls
|
|
Batting: RHB David Price Jr.
|
0-0: Ball 1-0: SINGLE (Line Drive, 5L, EV 98.8 MPH) Kevin McCormic Jr. to second
|
|
Batting: LHB Jarrett Mordecai
|
0-0: Ball 1-0: Ball 2-0: Ball Balk! Kevin McCormic Jr. to third David Price Jr. to second 3-0: Base on Balls
|
|
Batting: LHB Sakae Kasahara
|
0-0: Ball 1-0: Ball 2-0: Ball 3-0: DOUBLE (Flyball, 8LXD, EV 105.0 MPH) Kevin McCormic Jr. scores David Price Jr. scores Jarrett Mordecai to third
|
|
Pitching: RHP Chris Doty
|
|
|
Batting: RHB John Chiesa
|
0-0: SINGLE (Line Drive, 6D, EV 98.8 MPH) Jarrett Mordecai scores Sakae Kasahara to third Runner from 3rd tries for Home, SAFE, throw by LF to home
|
|
Batting: SHB Willie Koviak
|
0-0: Foul Ball, location: 2F 0-1: Grounds into double play, 6-4-3 (Groundball, 6M, EV 80.0 MPH)
|
|
Batting: LHB Tim Fuller
|
0-0: Called Strike 0-1: Swinging Strike 0-2: Strikes out swinging
|
| Top of the 6th over - 4 runs, 3 hits, 0 errors, 0 left on base; Boston 8 - Washington 6 |
| BOTTOM OF THE 6TH |
|
Washington Nationals batting - Pitching for Boston Red Sox : RHP J.J. Dean
|
|
Batting: SHB Dylan Novakowski
|
0-0: Ball 1-0: DOUBLE (Groundball, 5L, EV 100.6 MPH)
|
|
Batting: LHB Seth Cook
|
0-0: Called Strike 0-1: Foul Ball, location: 2F 0-2: Strikes out looking
|
|
Batting: RHB John Sanders
|
0-0: Fly out, F8 (Flyball, 8RD, EV 103.1 MPH)
|
|
Batting: RHB Kirk Arp
|
0-0: Ball 1-0: Called Strike 1-1: SINGLE (Line Drive, 89S, EV 106.2 MPH) Dylan Novakowski to third Runner from 3rd tries for Home, SAFE, throw by RF to home Kirk Arp to second
|
|
Batting: RHB Dave Vargas
|
0-0: Foul Ball, location: 2F 0-1: Ball 1-1: Ball 2-1: Ball 3-1: Base on Balls
|
|
Batting: RHB Tommy Baird
|
0-0: Ball 1-0: Swinging Strike 1-1: Ball 2-1: Foul Ball, location: 2F 2-2: Foul Ball, location: 2F 2-2: Foul Ball, location: 2F 2-2: Ball 3-2: Foul Ball, location: 2F 3-2: DOUBLE (Line Drive, 89D, EV 108.8 MPH) Kirk Arp scores Dave Vargas to third Dave Vargas scores
|
|
Batting: RHB Dan Fallon
|
0-0: Called Strike 0-1: Ball 1-1: Ball 2-1: Ball 3-1: Called Strike 3-2: Ground out 4-3 (Groundball, 34, EV 87.5 MPH)
|
| Bottom of the 6th over - 3 runs, 3 hits, 0 errors, 1 left on base; Boston 8 - Washington 9 |
| TOP OF THE 7TH |
|
Boston Red Sox batting - Pitching for Washington Nationals : RHP Chris Doty
|
|
Batting: RHB Elijah Campbell
|
0-0: Ball 1-0: Foul Ball, location: 2F 1-1: Swinging Strike 1-2: Fly out, F8 (Line Drive, 8LM, EV 95.6 MPH)
|
|
Batting: RHB Ray Llewellyn
|
0-0: Ball 1-0: Foul Ball, location: 2F 1-1: Ball 2-1: Called Strike 2-2: Foul Ball, location: 2F 2-2: Foul Ball, location: 2F 2-2: Ball 3-2: Foul Ball, location: 2F 3-2: Foul Ball, location: 2F 3-2: Base on Balls
|
|
Batting: LHB Kevin McCormic Jr.
|
0-0: Called Strike 0-1: Foul Ball, location: 2F 0-2: Foul Ball, location: 2F 0-2: Strikes out looking
|
|
Batting: RHB David Price Jr.
|
0-0: Ball 1-0: Foul Ball, location: 2F 1-1: Foul Ball, location: 2F 1-2: Ball 2-2: Fielders Choice at 2nd, 6-4 (Groundball, 6, EV 82.5 MPH)
|
| Top of the 7th over - 0 runs, 0 hits, 0 errors, 1 left on base; Boston 8 - Washington 9 |
| BOTTOM OF THE 7TH |
|
Washington Nationals batting - Pitching for Boston Red Sox : RHP J.J. Dean
|
|
Pitching: LHP John Hotham
|
|
|
Batting: LHB Kyung-jin Cho
|
0-0: Called Strike 0-1: Swinging Strike 0-2: Ball 1-2: Foul Ball, location: 2F 1-2: Foul Ball, location: 2F 1-2: Strikes out looking
|
|
Batting: LHB Bob Melley
|
0-0: Called Strike 0-1: Ball 1-1: Ball 2-1: Ball 3-1: Base on Balls
|
|
Batting: SHB Dylan Novakowski
|
0-0: Ball 1-0: Ball 2-0: Called Strike 2-1: Fielders Choice at 2nd, 3-6 (Groundball, 3, EV 85.6 MPH)
|
|
Pinch Hitting: RHB Eric Wiss
|
0-0: Called Strike 0-1: Ball Dylan Novakowski steals 2nd base (no throw) 1-1: Ball 2-1: Swinging Strike 2-2: Strikes out swinging
|
| Bottom of the 7th over - 0 runs, 0 hits, 0 errors, 1 left on base; Boston 8 - Washington 9 |
| TOP OF THE 8TH |
|
Boston Red Sox batting - Pitching for Washington Nationals : RHP Chris Doty
|
|
Now at 1B: Darren McCarty Jr.
|
|
|
Batting: LHB Jarrett Mordecai
|
0-0: Ball 1-0: Foul Ball, location: 2F 1-1: Foul Ball, location: 2F 1-2: Strikes out swinging
|
|
Batting: LHB Sakae Kasahara
|
0-0: Fly out, F9 (Line Drive, 9, EV 101.9 MPH)
|
|
Pinch Hitting: SHB Marvin Lawrence
|
0-0: Swinging Strike 0-1: Called Strike 0-2: Ball 1-2: Ball 2-2: Strikes out swinging
|
| Top of the 8th over - 0 runs, 0 hits, 0 errors, 0 left on base; Boston 8 - Washington 9 |
| BOTTOM OF THE 8TH |
|
Washington Nationals batting - Pitching for Boston Red Sox : LHP John Hotham
|
|
Now in CF: Nick Esteves
|
|
|
Batting: RHB John Sanders
|
0-0: Called Strike 0-1: SINGLE (Line Drive, 89S, EV 86.9 MPH)
|
|
Batting: RHB Kirk Arp
|
0-0: Swinging Strike 0-1: Called Strike 0-2: Ball 1-2: SINGLE (Flyball, 5D, EV 86.2 MPH) John Sanders to second
|
|
Batting: RHB Dave Vargas
|
0-0: Called Strike 0-1: Called Strike 0-2: Ball 1-2: Foul Ball, location: 2F 1-2: Fly out, F9 (Flyball, 89XD, EV 102.5 MPH) Runner from 2nd tags up, SAFE at 3rd, no throw by RF
|
|
Pitching: RHP Jon Mercado
|
|
|
Batting: RHB Tommy Baird
|
0-0: Ball Kirk Arp steals 2nd base 1-0: Called Strike 1-1: Ball 2-1: Foul Ball, location: 2F 2-2: Strikes out swinging
|
|
Batting: RHB Dan Fallon
|
0-0: Ball 1-0: Called Strike 1-1: Ground out 3-1 (Groundball, 34S, EV 85.0 MPH)
|
| Bottom of the 8th over - 0 runs, 2 hits, 0 errors, 2 left on base; Boston 8 - Washington 9 |
| TOP OF THE 9TH |
|
Boston Red Sox batting - Pitching for Washington Nationals : RHP Chris Doty
|
|
Pitching: RHP David Sly
|
|
|
Batting: SHB Willie Koviak
|
0-0: Ball 1-0: Ball 2-0: Ground out 6-3 (Groundball, 6, EV 81.2 MPH)
|
|
Batting: LHB Tim Fuller
|
0-0: Called Strike 0-1: Called Strike 0-2: SOLO HOME RUN (Line Drive, 89XD, EV 113.1 MPH), Distance : 431 ft
|
|
Pinch Hitting: SHB Greg Shaw
|
0-0: Ball 1-0: Called Strike 1-1: SINGLE (Line Drive, 6M, EV 96.9 MPH)
|
|
Batting: RHB Ray Llewellyn
|
0-0: Ball 1-0: Ball 2-0: Called Strike 2-1: Fly out, F9 (Flyball, 9D, EV 97.5 MPH) Runner from 1st tags up, SAFE at 2nd
|
|
Batting: LHB Kevin McCormic Jr.
|
0-0: Intentional Walk
|
|
Batting: RHB David Price Jr.
|
0-0: Ball 1-0: Ball 2-0: Called Strike 2-1: Ball 3-1: Foul Ball, location: 2F 3-2: DOUBLE (Line Drive, 8LXD, EV 105.6 MPH) Greg Shaw scores Kevin McCormic Jr. to third Kevin McCormic Jr. scores
|
|
Batting: LHB Jarrett Mordecai
|
0-0: Called Strike 0-1: Foul Ball, location: 2F 0-2: Ball 1-2: Foul Ball, location: 2F 1-2: Ball 2-2: Foul Ball, location: 2F 2-2: Foul Ball, location: 2F 2-2: Strikes out swinging
|
| Top of the 9th over - 3 runs, 3 hits, 0 errors, 1 left on base; Boston 11 - Washington 9 |
| BOTTOM OF THE 9TH |
|
Washington Nationals batting - Pitching for Boston Red Sox : RHP Jon Mercado
|
|
Pitching: RHP Guadalupe Vasguez
|
|
|
Now at 1B: Greg Shaw
|
|
|
Now at 3B: David Price Jr.
|
|
|
Now in LF: Kevin McCormic Jr.
|
|
|
Now in RF: Jose Diaz
|
|
|
Batting: LHB Kyung-jin Cho
|
0-0: Ball 1-0: Foul Ball, location: 2F 1-1: Foul Ball, location: 2F 1-2: Foul Ball, location: 2F 1-2: Ball 2-2: Strikes out swinging
|
|
Batting: LHB Bob Melley
|
0-0: Ball 1-0: Called Strike 1-1: Swinging Strike 1-2: Ball 2-2: Foul Ball, location: 2F 2-2: Foul Ball, location: 2F 2-2: Ball 3-2: Base on Balls
|
|
Batting: SHB Dylan Novakowski
|
0-0: Ball 1-0: Ground out 5-3 (Groundball, 56, EV 98.8 MPH) Bob Melley to second
|
|
Pinch Hitting: LHB Emmanuel Gaskin
|
0-0: Called Strike 0-1: Foul Ball, location: 2F 0-2: Foul Ball, location: 2F 0-2: Ball 1-2: Foul Ball, location: 2F 1-2: Foul Ball, location: 2F 1-2: Strikes out looking
|
| Bottom of the 9th over - 0 runs, 0 hits, 0 errors, 1 left on base; Boston 11 - Washington 9 |
|